 Dungeon Crawl Stone Soup version 0.30-a0-459-g9104f0fc43 (webtiles) character file.

Game seed: 9448774978319841535

105 riproarinn the Ruffian (level 4, -5/45 HPs)
             Began as a Troll Berserker on Dec 15, 2022.
             Was a Believer of Trog.
             Slain by an orc wizard
             ... wielding a +1 dagger of electrocution
              (17 damage)
             ... on level 3 of the Dungeon.
             The game lasted 00:04:49 (1582 turns).

riproarinn the Ruffian (Troll Berserker)            Turns: 1582, Time: 00:04:49

Health: -5/45      AC:  5    Str: 27    XL:     4   Next: 54%
Magic:  3/3        EV: 10    Int:  3    God:    Trog [**....]
Gold:   66         SH:  0    Dex:  9    Spells: 3/3 levels left

rFire   . . .      SeeInvis .      - Unarmed
rCold   . . .      Faith    +    (no shield)
rNeg    . . .      Spirit   .    a - +1 animal skin
rPois   .          Reflect  .    (helmet restricted)
rElec   .          Harm     .    (no cloak)
rCorr   .          Rampage  .    (gloves unavailable)
Will    .....                    (boots unavailable)
Stlth   +.........               b - amulet of faith
HPRegen 1.07/turn                (no ring)
MPRegen 0.08/turn                (no ring)

@: no status effects
A: large, unfitting armour, claws 3, regeneration 1, shaggy fur 1, tough skin 1
a: Renounce Religion, Berserk, Trog's Hand


You were on level 3 of the Dungeon.
You worshipped Trog.
Trog was pleased with you.
You visited 1 branch of the dungeon, and saw 3 of its levels.

You collected 66 gold pieces.

Inventory:

Hand Weapons
 e - the +4 dagger of Destiny {speed, rPois rCorr Int+3}
   (You found it on level 2 of the Dungeon)

   Attacks with this weapon are significantly faster.
   Int:       It affects your intelligence (+3).
   rPois:     It protects you from poison.
   rCorr:     It protects you from acid and corrosion.
Armour
 a - a +1 animal skin (worn)
Jewellery
 b - an amulet of faith (around neck)
Scrolls
 f - a scroll of identify
Potions
 c - 4 potions of curing
 d - a potion of resistance {unknown}
 g - a potion of haste {unknown}


   Skills:
 + Level 3.0 Fighting
 + Level 3.0 Dodging
 + Level 4.4 Unarmed Combat


You had 3 spell levels left.
You didn't know any spells.
Your spell library contained the following spells:

 Spells                   Type           Power      Damage    Failure   Level
 Dazzling Flash           Conj/Hex       0%         N/A       88%         3
 Gell's Gravitas          Tloc           0%         N/A       88%         3
 Ignite Poison            Fire/Tmut/Pois 0%         N/A       88%         3
 Kindle Blastsparks       Fire/Tloc/Air  0%         2d10      88%         3
 Lesser Beckoning         Tloc           0%         N/A       88%         3
 Teleport Other           Tloc           0%         N/A       88%         3
 Iskenderun's Mystic Bla  Conj/Tloc      0%         2d3       99%         4
 Freezing Cloud           Conj/Ice/Air   0%         6-21      100%        5
 Starburst                Conj/Fire      0%         6d3       100%        6


Dungeon Overview and Level Annotations

Branches:
Dungeon (3/15)

Altars:
Okawaru


Innate Abilities, Weirdness & Mutations

You are too large for most types of armour.
You have claws for hands.
Your natural rate of healing is unusually fast.
You are covered in fur. (AC +1)
You have tough skin. (AC +1)


Message History

You scratch something. Something hits you but does no damage.
You are electrocuted!
You miss something. Something hits you. Something hits you.
* * * LOW HITPOINT WARNING * * *
Something hits you.
* * * LOW HITPOINT WARNING * * *
Something hits you but does no damage.
A magic dart appears from out of thin air!
The magic dart hits you.
* * * LOW HITPOINT WARNING * * *
You hear some strange, mumbled words.
You are confused.
The orc wizard gestures at you while chanting.
You bump into the rock wall.
You bump into the rock wall.
The ball python completely misses you. Something hits you but does no damage.
You miss something. Your claw misses something.
You feel less confused.
The ball python bites you but does no damage.
Something hits you. The ball python bites you.
You barely miss the orc wizard.
The orc wizard hits you with a +0 dagger.
Something hits you.
The ball python bites you but does no damage.
You barely miss the orc wizard. The ball python bites you.
Something hits you but does no damage. The orc wizard closely misses you.
You claw the orc wizard!
You kill the orc wizard!
Trog accepts your kill.
Trog appreciates your killing of a magic user.
The ball python misses you. Something hits you.
* * * LOW HITPOINT WARNING * * *
Your Fighting skill increases to level 3!
Your Dodging skill increases to level 3!
You scratch the ball python.
You kill the ball python!
Trog accepts your kill. Something hits you but does no damage.
You are electrocuted!
You die...

.##........#
..........<#
#........#
#........#
#........# ########
#....†...# #..o.o.#
###...)....#
#####.####..#
#.......######.....#
#.###......@)..#####
#. #..........# #
#>.............
.....#.###.#.###..
####.... ....#
#.#.###.#..
#.#.#!#.#... #
#.###.#....


There were no monsters in sight!

Vanquished Creatures
  An orc wizard (D:3)
  2 adders (D:2)
  2 worms (D:2)
  2 dart slugs (D:1)
  An orc (D:3)
  7 endoplasms
  A giant cockroach (D:1)
  3 goblins
  7 hobgoblins
  A quokka (D:2)
  4 ball pythons
  3 bats
  2 frilled lizards
  8 kobolds
  8 rats
52 creatures vanquished.

Notes
Turn   | Place    | Note
-------+----------+-------------------------------------------
     0 | D:1      | riproarinn the Troll Berserker began the quest for the Orb.
     0 | D:1      | Reached XP level 1. HP: 22/22 MP: 0/0
    80 | D:1      | Reached XP level 2. HP: 29/29 MP: 1/1
   460 | D:1      | Found a faded altar of an unknown god.
   480 | D:1      | Reached ** piety under Trog
   610 | D:1      | Reached XP level 3. HP: 36/36 MP: 2/2
   777 | D:2      | Identified the +4 dagger of Destiny {speed, rPois rCorr
                  | Int+3}
   939 | D:2      | Reached skill level 4 in Unarmed Combat
  1025 | D:2      | Noticed a scorpion
  1064 | D:2      | Reached XP level 4. HP: 44/44 MP: 3/3
  1526 | D:3      | Found an iron altar of Okawaru.
  1582 | D:3      | Slain by an orc wizard

Illustrated notes

Levels and vault maps discovered:
D:1:      lemuel_arrival_cross, layout_basic, serial_corexii_hall,
          corexii_hall_statues_i, corexii_hall_statues_i,
          hellmonk_ecumenical_altar_inner_sanctum
D:2:      layout_loops_ring, st_stairs_14, lightli_corner_chamber
D:3:      layout_rooms, mainiacjoe_overflow_tiny_flanked,
          gammafunk_ghost_nasty_kobolds, minmay_hedge_maze, minmay_statues_item,
          minmay_surrounded

Skill      XL: |  1  2  3  4 |
---------------+-------------+-----
Unarmed Combat | 4 |  4.4
Fighting       | 3 |  3.0
Dodging        | 3 |  3.0

Action                   |  1- 3 |  4- 6 || total
-------------------------+-------+-------++-------
Melee: Unarmed           |    74 |    34 ||   108
       Punch             |     1 |       ||     1
  Use: Scroll            |     4 |     2 ||     6
 Stab: Sleeping          |     1 |       ||     1
Armor: Animal skin       |    26 |    15 ||    41
Dodge: Dodged            |    28 |    11 ||    39

Table legend: (Time is in decaauts)
 A = Elapsed time spent in this place.
 B = Non-inter-level travel time spent in this place.
 C = Inter-level travel time spent in this place.
 D = Time resting spent in this place.
 E = Time spent auto-exploring this place.
 F = Levels seen in this place.
 G = Mean time per level.
                   A        B        C        D        E       F      G
               +--------+--------+--------+--------+--------+-----+--------+
         Total |   1574 |   1480 |     94 |      0 |   1046 |   3 |  524.7 |
       Dungeon |   1574 |   1480 |     94 |      0 |   1046 |   3 |  524.7 |
               +--------+--------+--------+--------+--------+-----+--------+

Top non-repeatable levels by time:
     D:2: 768 daAuts
     D:1: 751 daAuts
     D:3: 54 daAuts
